 Dungeon Crawl Stone Soup version 0.21.1-1-g345015f (webtiles) character file.

4626 FortyBot the Spear-Bearer (level 10, -5/74 HPs)
             Began as a Merfolk Skald on Feb 22, 2018.
             Was a Follower of the Shining One.
             Slain by a seven-headed hydra (11 damage)
             ... on level 7 of the Dungeon.
             The game lasted 01:40:10 (11263 turns).

FortyBot the Spear-Bearer (Merfolk Skald)          Turns: 11263, Time: 01:40:11

Health: -5/74      AC: 12    Str: 11    XL:     10   Next: 42%
Magic:  13/13      EV: 10    Int: 16    God:    the Shining One [*.....]
Gold:   314        SH:  6    Dex: 14    Spells: 5/13 levels left

rFire    . . .     SeeInvis .   q - +0 spear
rCold    . . .     Gourm    .   C - +0 shield
rNeg     . . .     Faith    .   f - +2 ring mail {rPois}
rPois    +         Spirit   .   h - +1 helmet
rElec    .         Reflect  .   p - scarf {cloud immunity}
rCorr    .         Harm     .   j - +2 pair of gloves
MR       +....                  (no boots)
Stlth    +.........             e - amulet of magic regeneration
HPRegen  0.22/turn              u - ring of protection from magic
MPRegen  0.38/turn              (no ring)

@: glowing
A: change form in water, swift swim, stealthy swim
a: Renounce Religion


You were on level 7 of the Dungeon.
You worshipped the Shining One.
The Shining One was aware of your devotion.
You were not hungry.

You visited 1 branch of the dungeon, and saw 7 of its levels.
You also visited: Sewer.

You collected 314 gold pieces.

Inventory:

Hand Weapons
 q - a +0 spear (weapon)
 v - a -1 trident
 y - a +3 halberd of chopping
Missiles
 k - 168 stones (quivered)
Armour
 f - a +2 ring mail of poison resistance (worn)
 h - a +1 helmet (worn)
 j - a +2 pair of gloves (worn)
 p - a scarf of cloud immunity (worn)
 s - the +0 hat of Starshine {+Inv rPois}
   (You found it on level 5 of the Dungeon)

   It protects you from poison.
   It lets you turn invisible.
 A - a +0 chain mail
 C - a +0 shield (worn)
Jewellery
 a - an uncursed ring of ice
 e - an amulet of magic regeneration (around neck)
 u - a ring of protection from magic (left hand)
Wands
 b - a wand of acid (3)
Scrolls
 i - 3 scrolls of teleportation
 t - 3 scrolls of identify
 w - 2 scrolls of magic mapping
 D - a scroll of enchant armour
Potions
 g - 2 potions of might
 l - 8 potions of curing
 m - a potion of cancellation
 n - a potion of heal wounds
 o - 5 potions of brilliance
 r - 2 potions of agility
 z - a potion of magic
Books
 c - a book of Battle

   Spells                             Type                      Level
   a - Infusion                       Charms                       1
   b - Shroud of Golubria             Charms/Translocation         2
   c - Song of Slaying                Charms                       2
   d - Spectral Weapon                Hexes/Charms                 3
   e - Regeneration                   Charms/Necromancy            3
 x - Lufuren's Reference Book on Mutagenic Fire
   (You found it on level 5 of the Dungeon)

   Spells                             Type                      Level
   a - Passwall                       Transmutation/Earth          2
   b - Ignite Poison                  Fire/Transmutation/Poison    3
   c - Ring of Flames                 Charms/Fire                  7
Comestibles
 d - 9 rations


   Skills:
 - Level 5.0 Fighting
 - Level 14.1 Polearms
 - Level 2.5 Armour
 * Level 6.4 Dodging
 + Level 2.1 Spellcasting
 - Level 3.1 Hexes
 - Level 9.0 Charms


You had 5 spell levels left.
You knew the following spells:

 Your Spells              Type           Power        Failure   Level  Hunger
a - Infusion              Chrm           ####         9%          1    #......
b - Shroud of Golubria    Chrm/Tloc      ###.......   63%         2    ###....
c - Song of Slaying       Chrm           ####....     12%         2    ###....
d - Spectral Weapon       Hex/Chrm       ###.....     63%         3    ###....


Dungeon Overview and Level Annotations

Branches:
Dungeon (7/15)             Temple (0/1) D:7

Altars:
Cheibriados
Elyvilon
Okawaru
Uskayaw
The Shining One

Annotations:
D:3 Menkaure
D:5 2 runed doors
D:6 exclusion: 2 upstairs


Message History

* * * LOW HITPOINT WARNING * * *
The seven-headed hydra barely misses you.
The seven-headed hydra bites you.
* * * LOW HITPOINT WARNING * * *
The seven-headed hydra completely misses you.
You block the seven-headed hydra's attack.
The seven-headed hydra bites you.
* * * LOW HITPOINT WARNING * * *
You climb downwards.
There is a stone staircase leading up here.
You feel much better. The seven-headed hydra bites you!
The seven-headed hydra barely misses you.
The seven-headed hydra bites you!
* * * LOW HITPOINT WARNING * * *
The seven-headed hydra bites you but does no damage.
You block the seven-headed hydra's attack.
The seven-headed hydra bites you!
* * * LOW HITPOINT WARNING * * *
The seven-headed hydra bites you!
You die...

#....#.....#.....................
#....#.....#.....................
#....#.....##'##############'####
#....#...........................
.....#...........................
.....'...........................
.....#...........................
######..........D................
................@################
............###### ............#
............# ............#
............# ...#####'########
...#......#.....#
...#......#.....#


You could see a seven-headed hydra.

Vanquished Creatures
  3 two-headed ogres
  The ghost of AlmostDecent the Chopper, a novice HOFi (D:5)
  An orc warrior (D:7)
  A phantom (D:7)
  2 ogres
  4 big kobolds (Sewer)
  A gnoll sergeant (D:7)
  6 bullfrogs
  4 scorpions
  A howler monkey (D:4)
  5 hounds
  A bullfrog zombie (D:5)
  6 orc priests
  A centaur skeleton (D:7)
  4 orc wizards
  Terence (D:2)
  6 worker ants
  A hound zombie (D:3)
  A worker ant zombie (D:3)
  12 gnolls
  8 adders
  3 shadow imps
  An ooze (D:1)
  2 adder zombies
  2 worms
  4 dart slugs
  9 leopard geckos
  21 orcs
  2 ball pythons
  8 bats
  11 giant cockroaches
  7 goblins
  7 hobgoblins
  24 jackals
  2 quokkas
  10 frilled lizards
  22 kobolds
  A leopard gecko skeleton (D:4)
  A quokka skeleton (D:5)
  2 quokka zombies
  11 rats
220 creatures vanquished.

Vanquished Creatures (others)
  A dart slug (D:2)
  A kobold (D:2)
  2 spectral weapons
4 creatures vanquished.

Grand Total: 224 creatures vanquished

Notes
Turn   | Place    | Note
-------+----------+-------------------------------------------
     0 | D:1      | FortyBot the Merfolk Skald began the quest for the Orb.
     0 | D:1      | Reached XP level 1. HP: 16/16 MP: 3/3
   268 | D:1      | Reached XP level 2. HP: 21/22 MP: 5/5
   339 | D:1      | Learned a level 2 spell: Shroud of Golubria
   342 | D:1      | Learned a level 2 spell: Song of Slaying
   624 | D:1      | Reached XP level 3. HP: 25/27 MP: 6/6
  1195 | D:1      | Reached skill level 5 in Charms
  1867 | D:1      | Reached XP level 4. HP: 20/33 MP: 1/7
  2177 | D:2      | Found a white marble altar of Elyvilon.
  2419 | D:2      | Noticed Terence
  2478 | D:2      | Reached skill level 4 in Polearms
  2953 | D:3      | Found a glowing drain.
  2982 | Sewer    | Entered a sewer
  3073 | Sewer    | Noticed a big kobold
  3073 | Sewer    | Noticed a big kobold
  3106 | Sewer    | Killed a big kobold
  3106 | Sewer    | Reached skill level 5 in Polearms
  3106 | Sewer    | Reached XP level 5. HP: 21/38 MP: 0/8
  3421 | Sewer    | Killed a big kobold
  3421 | Sewer    | Reached XP level 6. HP: 37/44 MP: 1/9
  3433 | Sewer    | Learned a level 3 spell: Spectral Weapon
  3810 | Sewer    | Reached skill level 6 in Polearms
  3954 | Sewer    | Reached skill level 7 in Polearms
  4507 | D:3      | Reached XP level 7. HP: 23/50 MP: 5/10
  4515 | D:3      | Reached skill level 8 in Polearms
  5390 | D:4      | Noticed Menkaure
  5722 | D:2      | Killed Terence
  6579 | D:3      | Reached skill level 9 in Polearms
  6833 | D:4      | Found a glowing golden altar of the Shining One.
  6842 | D:4      | Became a worshipper of the Shining One
  7136 | D:4      | Reached XP level 8. HP: 45/56 MP: 5/11
  8127 | D:5      | Entered Level 5 of the Dungeon
  8181 | D:5      | Noticed AlmostDecent's ghost (novice HOFi)
  8194 | D:5      | Killed AlmostDecent's ghost
  8194 | D:5      | Reached skill level 10 in Polearms
  8427 | D:5      | Found a large runed door.
  8427 | D:5      | Found a large runed door.
  8470 | D:5      | Found a large runed door.
  8470 | D:5      | Found a large runed door.
  8496 | D:5      | Reached skill level 11 in Polearms
  8496 | D:5      | Reached skill level 1 in Armour
  8894 | D:5      | Reached XP level 9. HP: 55/61 MP: 12/12
  8910 | D:5      | Reached skill level 1 in Hexes
  8919 | D:5      | Got a shimmering hat
  8942 | D:5      | Noticed a two-headed ogre
  8942 | D:5      | Reached * piety under the Shining One
  9207 | D:5      | Killed a two-headed ogre
  9207 | D:5      | Reached skill level 12 in Polearms
  9220 | D:5      | Identified Lufuren's Reference Book on Mutagenic Fire
  9372 | D:6      | Learned a level 3 spell: Spectral Weapon
  9383 | D:6      | Reached skill level 13 in Polearms
  9451 | D:6      | Noticed a seven-headed hydra
  9469 | D:6      | Noticed a two-headed ogre
  9542 | D:6      | Identified the +0 hat of Starshine {+Inv rPois} (You found it on level 5 of the Dungeon)
  9548 | D:6      | Killed a two-headed ogre
  9548 | D:6      | Reached skill level 14 in Polearms
  9548 | D:6      | Reached skill level 5 in Dodging
  9548 | D:6      | Reached XP level 10. HP: 49/67 MP: 3/13
 10141 | D:7      | Noticed a dagger
 10141 | D:7      | Noticed a dagger
 10142 | D:7      | Found a hide-covered altar of Uskayaw.
 10145 | D:7      | Noticed a two-headed ogre
 10165 | D:7      | Killed a two-headed ogre
 10499 | D:6      | Noticed a cyclops
 10751 | D:7      | Found a staircase to the Ecumenical Temple.
 10767 | D:7      | Found a snail-covered altar of Cheibriados.
 10813 | D:7      | Found an iron altar of Okawaru.
 11007 | D:7      | Reached skill level 5 in Fighting
 11263 | D:7      | Slain by a seven-headed hydra

Skill      XL: |  1  2  3  4  5  6  7  8  9 10 |
---------------+-------------------------------+-----
Charms         | 4 5 6 7 9 |  9.0
Polearms       | 5 7 9 11 14 | 14.1
Armour         | 1 2 |  2.5
Dodging        | 3 5 6 |  6.4
Hexes          | 3 |  3.1
Fighting       | 5 |  5.0
Spellcasting   | |  2.1

Action                   |  1- 3 |  4- 6 |  7- 9 | 10-12 || total
-------------------------+-------+-------+-------+-------++-------
Melee: Spear             |   138 |   265 |    13 |       ||   416
       Tailslap          |     2 |    14 |       |       ||    16
       Halberd           |       |       |   250 |    86 ||   336
 Cast: Infusion          |     8 |    13 |    20 |     9 ||    50
       Song of Slaying   |     3 |     2 |     6 |     5 ||    16
       Shroud of Golubri |       |     2 |     7 |     5 ||    14
       Spectral Weapon   |       |       |     6 |     6 ||    12
Evoke: Wand              |       |       |       |     3 ||     3
  Use: Scroll            |       |     8 |     8 |     3 ||    19
       Potion            |       |       |     2 |     1 ||     3
 Stab: Sleeping          |       |     1 |       |       ||     1
  Eat: Chunk             |     3 |     9 |    13 |     6 ||    31
       Ration            |       |       |     2 |       ||     2
Armor: Leather armour    |    30 |    34 |    29 |       ||    93
       Ring mail         |       |       |    30 |    48 ||    78
Dodge: Dodged            |    60 |   132 |   144 |    79 ||   415
Block: Shield            |       |       |       |     3 ||     3
